 Dungeon Crawl Stone Soup version 0.21.0-3-g78d12a8 (webtiles) character file.

109 Firecrotchwizard the Covered (level 4, -3/42 HPs)
             Began as a Deep Dwarf Fighter on Jan 9, 2018.
             Slain by an ogre
             ... wielding a +0 giant club
              (19 damage)
             ... on level 4 of the Dungeon.
             The game lasted 00:07:31 (2318 turns).

Firecrotchwizard the Covered (Deep Dwarf Fighter)   Turns: 2318, Time: 00:07:32

Health: -3/42      AC: 15    Str: 21    XL:     4   Next: 59%
Magic:  2/2        EV:  5    Int:  8    God:
Gold:   206        SH:  9    Dex: 12    Spells: 3/3 levels left

rFire    . . .     SeeInvis .   a - +0 flail
rCold    . . .     Gourm    +   c - +0 shield
rNeg     . . .     Faith    .   e - +0 chain mail
rPois    .         Spirit   .   (no helmet)
rElec    .         Reflect  .   (no cloak)
rCorr    .         Harm     .   (no gloves)
MR       .....                  g - +0 pair of boots
Stlth    ..........             l - amulet of the gourmand {Gourm, !d}
HPRegen  0.00/turn              n - +5 ring of protection
MPRegen  0.08/turn              (no ring)

@: non-regenerating
A: damage resistance, heal wounds, sense surroundings 1, no regeneration
a: Heal Wounds


You were on level 4 of the Dungeon.
You were completely stuffed.

You visited 1 branch of the dungeon, and saw 4 of its levels.

You collected 206 gold pieces.

Inventory:

Hand Weapons
 a - a +0 flail (weapon)
 h - a +2 dagger of freezing
   (You took it off a kobold on level 1 of the Dungeon)
Missiles
 p - 2 javelins (quivered)
Armour
 b - a +0 scale mail
 c - a +0 shield (worn)
 e - a +0 chain mail (worn)
   (You found it on level 1 of the Dungeon)
 g - a +0 pair of boots (worn)
   (You found it on level 2 of the Dungeon)
 j - a +0 plate armour
   (You found it on level 1 of the Dungeon)
Jewellery
 l - an amulet of the gourmand (around neck) {Gourm, !d}
   (You found it on level 1 of the Dungeon)
 n - a +5 ring of protection (left hand)
   (You found it on level 2 of the Dungeon)
Wands
 q - a wand of flame (18)
   (You found it on level 2 of the Dungeon)
Scrolls
 m - a scroll of fear {unknown}
 s - a scroll of teleportation
 t - a scroll of blinking {!r}
 u - a scroll of noise {unknown}
 v - a scroll of enchant weapon {unknown}
Potions
 d - a potion of might
 i - 2 potions of magic {unknown}
 k - 2 potions of lignification {unknown}
 o - a potion of curing
Comestibles
 f - 8 rations {@e1}
 r - 4 chunks of flesh {@w0}


   Skills:
 + Level 3.2 Fighting
 * Level 3.3 Maces & Flails
 + Level 4.0 Armour
 + Level 3.9 Shields


You had 3 spell levels left.
You didn't know any spells.

Dungeon Overview and Level Annotations

Branches:
Dungeon (4/15)
 Temple: D:4-7

Altars:
Cheibriados
Ru
Uskayaw


Innate Abilities, Weirdness & Mutations

You are resistant to damage.
You can heal yourself by infusing magical energy.
You passively map a small area around you.
You do not regenerate.


Message History

The leopard gecko bites the plant but does no damage.
The leopard gecko bites the bush but does no damage.
The leopard gecko bites the plant but does no damage.
The leopard gecko bites the bush.
The leopard gecko bites the plant.
The plant is destroyed!
The leopard gecko is too close now for your liking.
A leopard gecko is nearby!
The leopard gecko bites the bush but does no damage.
You block the leopard gecko's attack.
You hit the leopard gecko but do no damage.
The leopard gecko bites the bush.
The leopard gecko hisses menacingly.
The leopard gecko barely misses you.
You sock the leopard gecko!
You kill the leopard gecko!
The rat bites you but does no damage.
You closely miss the rat. The rat bites you but does no damage.
The leopard gecko bites you but does no damage.
You miss the leopard gecko.
The leopard gecko bites you but does no damage.
You block the rat's attack.
The leopard gecko hisses menacingly.
The leopard gecko bites you but does no damage.
You closely miss the leopard gecko. You block the rat's attack.
The leopard gecko completely misses you.
You block the rat's attack.
You hit the leopard gecko but do no damage.
The leopard gecko bites you. The rat bites you but does no damage.
The leopard gecko bites you but does no damage.
You closely miss the leopard gecko. The rat barely misses you.
The leopard gecko bites you but does no damage.
You miss the leopard gecko. You block the leopard gecko's attack.
You block the rat's attack. The leopard gecko barely misses you.
The rat bites you.
You closely miss the leopard gecko. The leopard gecko barely misses you.
The rat barely misses you. You block the leopard gecko's attack.
You hit the leopard gecko. The rat bites you but does no damage.
The leopard gecko bites you but does no damage.
You hit the leopard gecko.
You kill the leopard gecko!
The rat barely misses you. The rat bites you but does no damage.
You closely miss the rat. You block the rat's attack.
You hit the rat but do no damage. The rat bites you but does no damage.
You barely miss the rat. The rat bites you but does no damage.
You block the rat's attack.
You barely miss the rat. The rat bites you.
Your shield and chain mail prevent you from hitting the rat.
You block the rat's attack.
You hit the rat but do no damage. The rat bites you but does no damage.
You block the rat's attack.
You hit the rat but do no damage. The rat bites you but does no damage.
You sock the rat!
You kill the rat!
No target in view!
No target in view!
You feel much better.
Health restored: 42 You butcher the rat corpse.
r - 3 chunks of flesh {@w0} (gained 1)
You butcher the leopard gecko corpse.
r - 4 chunks of flesh {@w0} (gained 1)
You see here a leopard gecko skeleton. x2
You see here a leopard gecko skeleton.
Partly explored, can't reach some places.
(D) Dungeon
Where to? (Enter - D:3, ? - help)
Things that are here:
an uncursed whip; an uncursed blowgun; 2 poisoned needles You see here 3 poisoned needles.
There is a stone staircase leading up here.
There is a stone staircase leading down here.
You climb downwards.
There is a stone staircase leading up here.
An ogre comes into view. It is wielding a giant club.
There is a stone staircase leading up here.
Aim: an ogre, wielding a giant club You throw a javelin.
The javelin barely misses the ogre.
Aim: an ogre, wielding a giant club You throw a javelin.
The javelin hits the ogre!
Aim: an ogre, wielding a giant club (moderately wounded)
You throw a javelin. The javelin hits the ogre.
Aim: an ogre, wielding a giant club (heavily wounded)
You throw a javelin. The javelin barely misses the ogre.
The ogre hits you with a giant club!!
You take 17 damage, and have 25/42 hp.
MASSIVE DAMAGE!!
You are too injured to fight recklessly!
You hit the ogre. The ogre hits you but does no damage.
Your shield and chain mail prevent you from hitting the ogre.
The ogre hits you but does no damage.
You hit the ogre but do no damage. You block the ogre's attack.
You sock the ogre! You block the ogre's attack.
You completely miss the ogre. The ogre closely misses you.
Your shield and chain mail prevent you from hitting the ogre.
The ogre hits you with a giant club!
You take 9 damage, and have 16/42 hp.
MASSIVE DAMAGE!!
You closely miss the ogre. The ogre barely misses you.
You hit the ogre but do no damage. The ogre hits you with a giant club!!
You die...

* , * , , , ###*
, .....####### ,
*#..@O.(# * *
#.##..(### ,,
#.......(# * ,
**#.........(..,
* ,
,...........####
..##.##...### .
...,....# .#.
.#.### * #. .#.#


You could see an ogre.

Vanquished Creatures
  2 adders
  A worm (D:3)
  3 leopard geckos
  8 orcs (D:3)
  A ball python (D:2)
  10 bats
  2 giant cockroaches
  10 goblins
  8 hobgoblins
  2 jackals (D:2)
  2 quokkas (D:3)
  2 frilled lizards
  12 kobolds
  13 rats
76 creatures vanquished.

Vanquished Creatures (others)
  A plant (D:3)
1 creature vanquished.

Grand Total: 77 creatures vanquished

Notes
Turn   | Place    | Note
-------+----------+-------------------------------------------
     0 | D:1      | Firecrotchwizard the Deep Dwarf Fighter began the quest for the Orb.
     0 | D:1      | Reached XP level 1. HP: 20/20 MP: 1/1
   171 | D:1      | Reached XP level 2. HP: 21/27 MP: 2/2
   778 | D:2      | Found a hide-covered altar of Uskayaw.
   850 | D:2      | Reached skill level 3 in Fighting
   850 | D:2      | Reached XP level 3. HP: 22/34 MP: 3/3
   906 | D:2      | Found a snail-covered altar of Cheibriados.
  1312 | D:2      | Found a sacrificial altar of Ru.
  1421 | D:3      | Reached skill level 3 in Maces & Flails
  1496 | D:3      | Reached XP level 4. HP: 38/42 MP: 3/3
  1875 | D:3      | Reached skill level 4 in Armour
  2304 | D:4      | Noticed an ogre
  2318 | D:4      | Slain by an ogre

Skill      XL: |  1  2  3  4 |
---------------+-------------+-----
Fighting       | 3 |  3.2
Maces & Flails | 3 |  3.3
Armour         | 4 |  4.0
Shields        | |  3.9

Action                   |  1- 3 |  4- 6 || total
-------------------------+-------+-------++-------
Melee: Flail             |   137 |    61 ||   198
Throw: Javelin           |    31 |    37 ||    68
 Abil: Heal Wounds       |     1 |     2 ||     3
  Use: Scroll            |     6 |       ||     6
       Potion            |       |     1 ||     1
  Eat: Chunk             |    14 |     8 ||    22
       Ration            |       |     1 ||     1
Armor: Scale mail        |    25 |       ||    25
       Chain mail        |    44 |    38 ||    82
Dodge: Dodged            |    32 |    22 ||    54
Block: Shield            |    73 |    35 ||   108

Vault maps used:
D:1:      lemuel_arrival_tunnels
D:2:      marbit_many_paths, lemuel_doored_altar, lemuel_crystal_altar
D:3:      lexackson_kobold_supper
D:4:      first_ration, grunt_ministairs_15

Table legend:
 A = Turns spent in this place as a percentage of turns spent in the entire game.
 B = Non-inter-level travel turns spent in this place as a percentage of non-inter-level travel turns spent in the entire game.
 C = Inter-level travel turns spent in this place as a percentage of turns spent in this place.
 D = Turns resting spent in this place as a percentage of non-inter-level travel turns spent in this place.
 E = Turns spent auto-exploring this place as a percentage of non-inter-level travel turns spent in this place.
 F = Non-inter-level travel turns spent in this place divided by the number of levels of this place that you've seen.
                   A       B       C       D       E      F
               +-------+-------+-------+-------+-------+----------------------
         Total | 100.0 | 100.0 |   3.9 |   0.2 |  75.1 | 557.0
       Dungeon | 100.0 | 100.0 |   3.9 |   0.2 |  75.1 | 557.0
               +-------+-------+-------+-------+-------+----------------------

Table legend:
 A = Kills in this place as a percentage of kills in entire the game.
 B = Kills by you in this place as a percentage of kills by you in the entire game.
 C = Kills by friends in this place as a percentage of kills by friends in the entire game.
 D = Other kills in this place as a percentage of other kills in the entire game.
 E = Experience gained in this place as a percentage of experience gained in the entire game.
 F = Experience gained in this place divided by the number of levels of this place that you have seen.
                   A       B       C       D       E      F
               +-------+-------+-------+-------+-------+----------------------
         Total | 100.0 | 100.0 |   N/A |   N/A | 100.0 |  39.0
       Dungeon | 100.0 | 100.0 |   N/A |   N/A | 100.0 |  39.0
               +-------+-------+-------+-------+-------+----------------------
